 Dungeon Crawl Stone Soup version 0.31-a0-819-gf6de2f5ab6 (webtiles) character file.

Game seed: 7293838938655282768

3722 qw the Skirmisher (level 10, -14/70 HPs)
             Began as a Gargoyle Hunter on Sept 23, 2023.
             Was a Believer of Okawaru.
             Killed from afar by Maggie (16 damage)
             ... with a bolt of fire
             ... on level 7 of the Dungeon.
             The game lasted 00:03:07 (6920 turns).

qw the Skirmisher (Gargoyle Hunter)                 Turns: 6920, Time: 00:03:07

Health: -14/70     AC: 15    Str: 20    XL:     10   Next: 14%
Magic:  13/13      EV: 15    Int: 11    God:    Okawaru [**....]
Gold:   386        SH:  5    Dex: 17    Spells: 9/9 levels left

rFire   . . .        Y - +0 shortbow
rCold   . . .        (shield currently unavailable)
rNeg    + . .        a - +0 ring mail
rPois   inf          (no helmet)
rElec   +            (no cloak)
rCorr   .            p - +0 pair of gloves
SInv    .            (no boots)
Will    .....        e - amulet of reflection
Stlth   +++          g - +6 ring of strength
HPRegen 0.31/turn    (no ring)
MPRegen 0.13/turn

%: reflection
@: heroic
A: sickness immunity, AC +7, negative energy resistance 1, electricity
resistance, torment resistance 1, petrification resistance, robust 1, subdued
magic 1
a: Renounce Religion, Heroism


You were on level 7 of the Dungeon.
You worshipped Okawaru.
Okawaru was pleased with you.
You visited 2 branches of the dungeon, and saw 11 of its levels.

You collected 386 gold pieces.


Innate Abilities, Weirdness & Mutations

You are immune to sickness and miasma.
Your stone body is resilient. (AC +7)
You are immune to poison.
You resist negative energy. (rN+)
You are resistant to electric shocks. (rElec)
You are resistant to unholy torment.
You are immune to petrification.
You are robust. (+10% HP)
Your spells are a little easier to cast, but a little less powerful.


   Skills:
 - Level 8.0(13.0) Fighting
 + Level 11.5(16.5) Ranged Weapons
 - Level 3.0(8.0) Armour
 - Level 3.2(8.2) Dodging
 - Level 1.1(6.1) Stealth
 - Level 4.0 Invocations


You had 9 spell levels left.
You didn't know any spells.
Your spell library was empty.

Inventory:

Hand Weapons
 Y - a +0 shortbow (weapon)
Armour
 a - a +0 ring mail (worn)
 i - a scarf of repulsion
 p - a +0 pair of gloves (worn)
Jewellery
 e - an amulet of reflection (around neck)
 g - a +6 ring of strength (left hand)
 o - a ring of resist corrosion
Scrolls
 c - a scroll of identify
Potions
 b - 2 potions of might
 d - a potion of magic
 f - 6 potions of curing
 h - 5 potions of mutation
 j - a potion of resistance
 k - a potion of enlightenment {unknown}
 l - a potion of berserk rage {unknown}
 m - a potion of brilliance {unknown}
 n - a potion of invisibility {unknown}
 q - a potion of ambrosia {unknown}
 r - a potion of haste {unknown}

Dungeon Overview and Level Annotations

Branches:
Dungeon (10/15)            Temple (1/1) D:4
   Lair: D:8-11         Orc: D:9-12

Altars:
Cheibriados
Dithmenos
Elyvilon
Fedhas
Gozag
Hepliaklqana
Kikubaaqudgha
Makhleb
Nemelex Xobeh
Okawaru
Qazlal
Ru
Trog
Uskayaw
Vehumet
Wu Jian
Xom
Yredelemnul
The Shining One

Annotations:
D:3 3 runed translucent doors, qw's ghost, amateur GrHu
D:7 Maggie


Message History

The steam dragon is almost dead.
Maggie completely misses you. The steam dragon barely misses you.
The steam dragon misses you.
You shoot an arrow. The arrow hits the steam dragon!
You kill the steam dragon!
Okawaru accepts your kill.
You shoot an arrow. The arrow closely misses Maggie.
Maggie hits you with a +0 scimitar of distortion.
Space warps horribly around you!!
You shoot an arrow. The arrow completely misses Maggie.
Maggie points at you and mumbles some strange words.
The bolt of fire hits you!
You shoot an arrow.
The arrow hits Maggie but does no damage.
Maggie is lightly wounded.
Maggie hits you but does no damage. Space warps around you.
The jelly hits you but does no damage.
You shoot an arrow. The arrow hits Maggie!
Maggie is moderately wounded.
Maggie closely misses you. You block the jelly's attack.
You shoot an arrow.
The arrow hits Maggie but does no damage.
Maggie is moderately wounded.
You shoot an arrow. The arrow barely misses Maggie.
You break out of your daze.
You block Maggie's attack. The jelly hits you but does no damage.
You shoot an arrow. The arrow hits Maggie.
Maggie is moderately wounded.
Maggie misses you.
The jelly jiggles.
You block the jelly's attack.
You shoot an arrow.
The arrow hits Maggie but does no damage.
Maggie is moderately wounded.
Maggie closely misses you. The jelly hits you but does no damage.
You shoot an arrow. The arrow hits Maggie!
Maggie is severely wounded.
Maggie points at you and mumbles some strange words.
The bolt of fire hits you!
You die...

#(#.#.#.#.#
.....
#........(#
###.
#####.##### ##
#..# #.## #.#
#########.# ##
#......@..##...
####
#......@J....#
#...
#.........####
#...
#.........#
#...
#.........#
#...
#.........#
#...
#...........
#...
#.........#..
#...
############..#
#... #.# #...


You could see Maggie and a jelly.

Vanquished Creatures
  2 steam dragons
  5 yaks (D:8)
  An acid dragon (D:10)
  Duvessa (D:7)
  2 black bears
  2 ogres
  2 sky beasts
  4 ice beasts (D:7)
  2 phantoms
  A kobold brigand (D:8)
  2 bullfrogs (D:7)
  6 scorpions
  5 wights (D:8)
  Dowan (D:7)
  A hound (D:5)
  A gnoll bouda (D:7)
  An orc priest (D:7)
  4 jellies
  2 orc wizards (D:6)
  5 iguanas
  7 gnolls
  4 adders
  2 shadow imps
  An ufetubus (D:4)
  3 worms
  A dart slug (D:1)
  17 orcs
  9 ball pythons
  4 endoplasms
  3 giant cockroaches
  5 goblins
  6 hobgoblins
  7 jackals
  12 kobolds
  6 quokkas
  7 bats
  4 frilled lizards
  9 rats
  2 rat zombies (D:5)
159 creatures vanquished.

Notes
Turn   | Place    | Note
-------+----------+-------------------------------------------
     0 | D:1      | qw the Gargoyle Hunter began the quest for the Orb.
     0 | D:1      | Reached XP level 1. HP: 12/12 MP: 1/1
     0 | D:1      | 0 ||| qw: Version: 0.3-a-83-gcd0e7d8
     0 | D:1      | 0 ||| qw: Game counter: 1543
     0 | D:1      | 0 ||| qw: Melee chars always use a shield: true
     0 | D:1      | 0 ||| qw: God list: Okawaru
     0 | D:1      | 0 ||| qw: Allow faded altars: false
     0 | D:1      | 0 ||| qw: Do Orc after clearing Dungeon:15 true
     0 | D:1      | 0 ||| qw: Do second Lair branch before Depths: true
     0 | D:1      | 0 ||| qw: Lair rune preference: random
     0 | D:1      | 0 ||| qw: Goals: Normal
     0 | D:1      | 0 ||| PLANNING D:1-11
   163 | D:1      | Reached XP level 2. HP: 17/17 MP: 2/2
   474 | D:1      | Reached XP level 3. HP: 21/21 MP: 3/3
   610 | D:1      | Reached skill level 5 in Ranged Weapons
   677 | D:1      | Found a faded altar of an unknown god.
   810 | D:1      | 810 ||| UPGRADING to amulet of reflection.
   815 | D:1      | 815 ||| READING scroll labelled FEOMIL AKKE.
   816 | D:1      | 816 ||| DRINKING 2 fizzy yellow potions.
   817 | D:1      | 817 ||| DROPPING scroll of butterflies.
  1380 | D:2      | 1380 ||| UPGRADING to +0 ring mail.
  1390 | D:2      | 1390 ||| DROPPING +0 leather armour.
  1391 | D:2      | 1391 ||| READING scroll labelled NIZXAOTUFO.
  1392 | D:2      | 1392 ||| DRINKING 3 fuming silvery potions.
  1393 | D:2      | 1393 ||| DRINKING 2 viscous sapphire potions.
  1393 | D:2      | Gained mutation: Your spells are a little easier to cast,
                  | but a little less powerful. [potion of mutation]
  1393 | D:2      | Gained mutation: You are robust. (+10% HP) [potion of
                  | mutation]
  1401 | D:2      | 1401 ||| DROPPING 2 potions of attraction.
  1585 | D:3      | Found a basalt altar of Yredelemnul.
  1587 | D:3      | Reached skill level 1 in Armour
  1761 | D:3      | Reached skill level 3 in Fighting
  1761 | D:3      | Reached XP level 4. HP: 30/30 MP: 4/4
  1765 | D:3      | Found a runed translucent gate.
  1765 | D:3      | Found a runed translucent gate.
  1765 | D:3      | Found a runed translucent gate.
  1827 | D:3      | Noticed qw's ghost (amateur GrHu)
  2186 | D:3      | 2186 ||| UPGRADING to +6 ring of strength.
  2235 | D:4      | Found a staircase to the Ecumenical Temple.
  2236 | D:4      | 2236 ||| PLANNING TEMPLE
  2246 | Temple   | Entered the Ecumenical Temple
  2247 | Temple   | 2247 ||| PLANNING OKAWARU WORSHIP
  2259 | Temple   | Became a worshipper of Warmaster Okawaru
  2260 | Temple   | 2260 ||| PLANNING D:1-11
  2591 | D:4      | Noticed an ogre
  2596 | D:4      | Killed an ogre
  2596 | D:4      | Reached * piety under Okawaru
  2597 | D:4      | Reached skill level 6 in Ranged Weapons
  2597 | D:4      | Reached XP level 5. HP: 35/35 MP: 5/5
  2703 | D:4      | Reached skill level 1 in Invocations
  2821 | D:4      | Noticed a black bear
  2822 | D:4      | 2822 ||| INVOKING Heroism.
  2834 | D:4      | 2834 ||| INVOKING Heroism.
  2835 | D:4      | Killed a black bear
  2836 | D:4      | Reached XP level 6. HP: 30/42 MP: 2/6
  2967 | D:4      | 2967 ||| READING 2 scrolls of identify.
  2967 | D:4      | 2967 ||| IDENTIFYING bubbling pink potion
  2986 | D:5      | Entered Level 5 of the Dungeon
  2988 | D:5      | 2988 ||| INVOKING Heroism.
  3074 | D:5      | 3074 ||| INVOKING Heroism.
  3206 | D:5      | HP: 7/42 [phantom (4)]
  3208 | D:5      | Reached skill level 7 in Ranged Weapons
  3208 | D:5      | Reached XP level 7. HP: 9/48 MP: 8/8
  3449 | D:5      | 3449 ||| INVOKING Heroism.
  3967 | D:5      | Found an ancient bone altar of Kikubaaqudgha.
  4078 | D:5      | 4078 ||| DROPPING +6 ring of intelligence.
  4079 | D:5      | 4079 ||| READING scroll labelled FOFOED VAGAE.
  4080 | D:5      | 4080 ||| READING scroll labelled EBIERYTIELOE.
  4081 | D:5      | 4081 ||| READING scroll labelled WOSOG LINLUPH.
  4086 | D:5      | 4086 ||| DRINKING 2 cyan potions.
  4087 | D:5      | 4087 ||| DRINKING 2 viscous white potions.
  4088 | D:5      | 4088 ||| READING 2 scrolls of identify.
  4088 | D:5      | 4088 ||| IDENTIFYING lumpy puce potion
  4171 | D:6      | 4171 ||| INVOKING Heroism.
  4218 | D:6      | Reached skill level 8 in Ranged Weapons
  4346 | D:6      | Found a glowing golden altar of the Shining One.
  4537 | D:6      | Reached skill level 3 in Invocations
  4537 | D:6      | Reached XP level 8. HP: 38/52 MP: 10/10
  4615 | D:6      | Found a stormy altar of Qazlal.
  4696 | D:6      | 4696 ||| DRINKING 7 potions of curing.
  4696 | D:6      | 4696 ||| (to cure confusion)
  4698 | D:6      | 4698 ||| INVOKING Heroism.
  4707 | D:6      | 4707 ||| DRINKING 6 potions of curing.
  4707 | D:6      | 4707 ||| (to cure confusion)
  4890 | D:6      | 4890 ||| INVOKING Heroism.
  4982 | D:6      | 4982 ||| INVOKING Heroism.
  5261 | D:6      | 5261 ||| UPGRADING to +0 pair of gloves.
  5334 | D:7      | 5334 ||| Stepping ~*~*~tactically~*~*~ (retreating).
  5336 | D:7      | 5336 ||| Stepping ~*~*~tactically~*~*~ (retreating).
  5337 | D:7      | 5337 ||| Stepping ~*~*~tactically~*~*~ (retreating).
  5341 | D:7      | 5341 ||| INVOKING Heroism.
  5342 | D:7      | 5342 ||| Stepping ~*~*~tactically~*~*~ (retreating).
  5347 | D:7      | Reached skill level 9 in Ranged Weapons
  5425 | D:7      | 5425 ||| INVOKING Heroism.
  5509 | D:7      | 5509 ||| INVOKING Heroism.
  5620 | D:7      | Reached skill level 6 in Fighting
  5629 | D:7      | Reached XP level 9. HP: 60/60 MP: 12/12
  5643 | D:7      | Found a blossoming altar of Fedhas.
  5645 | D:7      | You fall into a shaft and drop 3 floors!
  5645 | D:10     | Entered Level 10 of the Dungeon
  5646 | D:10     | 5646 ||| READING scroll labelled APAFOO FORUA.
  5649 | D:10     | 5649 ||| INVOKING Heroism.
  5951 | D:8      | Reached skill level 10 in Ranged Weapons
  5960 | D:8      | 5960 ||| INVOKING Heroism.
  5962 | D:8      | Reached skill level 3 in Dodging
  5988 | D:8      | HP: 13/62 [wight/+2 great sword of freezing (17)]
  5989 | D:8      | 5989 ||| READING scroll of teleportation.
  5990 | D:8      | 5990 ||| DRINKING potion of heal wounds.
  5993 | D:8      | 5993 ||| INVOKING Heroism.
  6137 | D:8      | 6137 ||| INVOKING Heroism.
  6143 | D:8      | 6143 ||| Stepping ~*~*~tactically~*~*~ (cloud).
  6210 | D:8      | 6210 ||| RETREEAATING.
  6223 | D:8      | 6223 ||| Stepping ~*~*~tactically~*~*~ (retreating).
  6224 | D:8      | 6224 ||| Stepping ~*~*~tactically~*~*~ (retreating).
  6225 | D:8      | 6225 ||| Stepping ~*~*~tactically~*~*~ (retreating).
  6226 | D:8      | 6226 ||| Stepping ~*~*~tactically~*~*~ (retreating).
  6237 | D:8      | Reached ** piety under Okawaru
  6243 | D:8      | 6243 ||| INVOKING Heroism.
  6334 | D:8      | Reached skill level 11 in Ranged Weapons
  6405 | D:7      | Reached skill level 3 in Armour
  6464 | D:7      | 6464 ||| INVOKING Heroism.
  6466 | D:7      | Reached XP level 10. HP: 45/70 MP: 10/13
  6590 | D:7      | Noticed Dowan
  6610 | D:7      | Killed Dowan
  6623 | D:7      | Noticed Duvessa
  6624 | D:7      | 6624 ||| INVOKING Heroism.
  6642 | D:7      | Killed Duvessa
  6895 | D:7      | Noticed Maggie
  6896 | D:7      | 6896 ||| RETREEAATING.
  6897 | D:7      | 6897 ||| INVOKING Heroism.
  6905 | D:7      | 6905 ||| Stepping ~*~*~tactically~*~*~ (retreating).
  6906 | D:7      | 6906 ||| Stepping ~*~*~tactically~*~*~ (retreating).
  6913 | D:7      | HP: 6/70 [Maggie/bolt of fire (14)]
  6914 | D:7      | HP: 1/70 [Maggie/+0 scimitar of distortion (5)]
  6920 | D:7      | Killed from afar by Maggie

Levels and vault maps discovered:
D:1:      ncdulo_wetmaze, layout_loops_corners,
          shapermc_ecumenical_altar_flowoftime
D:2:      layout_basic
D:3:      layout_loops_ring, marbit_many_paths, gammafunk_ghost_icy
D:4:      black_bear_nest_1, layout_loops_ring,
          minmay_temple_entry_statues_pillars
D:5:      layout_loops_ring, lemuel_zombie_altar_kikubaaqudgha
D:6:      layout_basic, nicolae_tso_carved_into_rock,
          lemuel_coloured_pillars_altar
D:7:      minmay_spotlight, layout_rooms, fedhas_altar_3,
          minmay_misc_feat_pillars, uniq_duvessa, uniq_maggie
D:8:      layout_basic, minmay_manual_mares
D:9:      layout_roguey, lemuel_doored_altar, lemuel_tele_altar, uniq_psyche
D:10:     layout_cave_pools, led_sif_book, david_lair_generic, serial_shops,
          shop, st_stairs_11, minmay_misc_feat_alley, eino_house_with_fridge
Temple:   zaba_magenta_temple

Skill      XL: |  1  2  3  4  5  6  7  8  9 10 |
---------------+-------------------------------+-----
Ranged Weapons | 5 6 7 8 9 11 | 11.5
Armour         | 1 2 3 |  3.0
Fighting       | 3 4 6 7 8 |  8.0
Invocations    | 1 3 4 |  4.0
Dodging        | 2 3 |  3.2
Stealth        | |  1.1

Action                     |  1- 3 |  4- 6 |  7- 9 | 10-12 || total
---------------------------+-------+-------+-------+-------++-------
   Fire: Shortbow          |   128 |   136 |   514 |    90 ||   868
 Invoke: Heroism           |       |     4 |    14 |     2 ||    20
    Use: Potion            |     3 |       |     5 |       ||     8
         Scroll            |     2 |     1 |     6 |       ||     9
 Armour: Leather armour    |    10 |       |       |       ||    10
         Ring mail         |    20 |    46 |   174 |    48 ||   288
  Dodge: Dodged            |    29 |    42 |   158 |    28 ||   257
  Block: Other             |     4 |    13 |    50 |    12 ||    79
         Reflection        |       |       |     2 |       ||     2

Table legend:
 A = Non-vault XP
 B = Vault XP
 C = Vault XP percentage of total XP
 D = Non-vault monster count
 E = Vault monster count
 F = Vault count percentage of total count
                 A         B        C        D         E       F
            +---------+---------+-------+---------+---------+-------
      Total |    4874 |     444 |   8.3 |     152 |       7 |   4.4
            +---------+---------+-------+---------+---------+-------
        D:1 |      43 |       0 |   0.0 |      24 |       0 |   0.0
        D:2 |      12 |       0 |   0.0 |       7 |       0 |   0.0
        D:3 |      40 |       1 |   2.4 |      21 |       1 |   4.5
        D:4 |     220 |     133 |  37.7 |      19 |       1 |   5.0
        D:5 |     445 |       2 |   0.4 |      21 |       2 |   8.7
        D:6 |     875 |       0 |   0.0 |      22 |       0 |   0.0
        D:7 |    1275 |     308 |  19.5 |      19 |       3 |  13.6
        D:8 |    1811 |       0 |   0.0 |      18 |       0 |   0.0
       D:10 |     153 |       0 |   0.0 |       1 |       0 |   0.0
            +---------+---------+-------+---------+---------+-------
